 Dungeon Crawl Stone Soup version 0.30-a0-1075-gcd70e7a56d (webtiles) character file.

Game seed: 15601559588182105768

274 Pimp the Charlatan (level 6, -9/46 HPs)
             Began as a Demonspawn Wanderer on Apr 14, 2023.
             Was a Follower of Sif Muna.
             Killed by divine providence
             ... invoked by an orc priest
              (14 damage)
             ... on level 5 of the Dungeon.
             The game lasted 00:08:35 (3160 turns).

Pimp the Charlatan (Demonspawn Wanderer)            Turns: 3160, Time: 00:08:36

Health: -9/46      AC:  5    Str: 12    XL:     6   Next: 3%
Magic:  9/9        EV: 11    Int: 18    God:    Sif Muna [*.....]
Gold:   100        SH:  0    Dex: 10    Spells: 7/9 levels left

rFire   . . .      SeeInvis +    r - +0 rapier (venom)
rCold   . . .      Faith    .    (no shield)
rNeg    . . .      Spirit   .    c - +0 robe
rPois   .          Reflect  .    k - +2 helmet
rElec   .          Rampage  .    (no cloak)
rCorr   .                        (gloves unavailable)
Will    .....                    (no boots)
Stlth   +                        (no amulet)
HPRegen 0.27/turn                f - ring of see invisible
MPRegen 0.11/turn                (no ring)

@: lethally poisoned (-9 -> -16), hasted, very quick
A: claws 3, spiny 1, demonic magic 1
a: Renounce Religion, Channel Magic


You were on level 5 of the Dungeon.
You worshipped Sif Muna.
Sif Muna was aware of your devotion.
You visited 1 branch of the dungeon, and saw 5 of its levels.

You collected 188 gold pieces.
You spent 88 gold pieces at shops.

Inventory:

Hand Weapons
 a - a +0 club
 e - a +0 vampiric short sword
 r - a +0 rapier of venom (weapon)
Armour
 c - a +0 robe (worn)
 k - a +2 helmet (worn)
 s - a +1 pair of gloves
Jewellery
 f - a ring of see invisible (left claw)
 l - a ring of fire
Wands
 o - a wand of mindburst (18)
Scrolls
 g - a scroll of brand weapon
Potions
 b - a potion of berserk rage
Miscellaneous
 d - a piece from Xom's chessboard (15/15) (quivered)


   Skills:
 + Level 2.5 Fighting
 + Level 1.5 Short Blades
 + Level 2.4 Spellcasting
 + Level 3.9 Conjurations
 + Level 2.8 Earth Magic
 + Level 3.9 Evocations


You had 7 spell levels left.
You knew the following spells:

 Your Spells              Type           Power      Damage    Failure   Level
a - Sandblast             Erth           24%        2d8       5%          1
b - Foxfire               Conj/Fire      36%        2x1d5     8%          1

Your spell library contained the following spells:

 Spells                   Type           Power      Damage    Failure   Level
 Magic Dart               Conj           64%        1d6       3%          1
 Searing Ray              Conj           32%        2d5       5%          2
 Kiss of Death            Conj/Necr      36%        2d8       8%          1
 Stone Arrow              Conj/Erth      28%        3d8       13%         3
 Dazzling Flash           Conj/Hex       18%        N/A       24%         3
 Confusing Touch          Hex            2%         N/A       45%         3
 Inner Flame              Hex/Fire       2%         N/A       45%         3
 Flame Wave               Conj/Fire      9%         2d6       61%         4
 Fulminant Prism          Conj/Hex       4%         3d5       61%         4
 Sticky Flame             Conj/Fire      9%         2d3       61%         4
 Dispel Undead            Necr           2%         3d7       86%         4
 Yara's Violent Unravell  Hex/Tmut       1%         3d3       99%         5
 Enfeeble                 Hex            1%         N/A       100%        7


Dungeon Overview and Level Annotations

Branches:
Dungeon (4/15)
 Temple: D:4-7

Altars:
Sif Muna

Shops:
D:3 ?(


Innate Abilities, Weirdness & Mutations

You have claws for hands.
You are partially covered in sharp spines.
Spells you cast may paralyse adjacent enemies.


Message History

An orc priest and 2 orcs come into view.
An orc is wielding a +1 hand axe of venom.
The orc shouts!
The orc priest shouts!
An orc comes into view. It is wielding a +0 hand axe.
The orc moves out of view.
The orc shouts!
You hear a shout!
The orc priest calls down the wrath of Beogh upon you.
Beogh smites you!
You hear a shout!
You completely miss the orc.
The orc hits you with a +1 hand axe of venom.
You closely miss the orc. The orc is struck by your spines.
The orc hits you with a +1 hand axe of venom.
You are poisoned.
The orc priest calls upon Beogh to heal the orc.
The orc's wounds heal themselves!
You hit the orc.
The orc is moderately wounded.
You feel sick. The orc is struck by your spines.
The orc hits you but does no damage.
You hit the orc.
The orc is poisoned.
The orc is severely wounded.
You feel sick.
The orc hits you with a +1 hand axe of venom.
You are more poisoned.
You barely miss the orc. You claw the orc.
You kill the orc!
Sif Muna accepts your kill.
You feel very sick.
You feel very sick.
The orc priest invokes the aid of Beogh against you.
Beogh smites you!
* * * LOW HITPOINT WARNING * * *
You see here a +1 hand axe of venom.
It was a potion of haste.
You feel yourself speed up.
* * * LOW HITPOINT WARNING * * *
You feel sick.
The orc priest invokes the aid of Beogh against you.
Beogh smites you!
You die...

.......
#......
###.....
..... #
##..#
#.######...#
#..........#
######.#.#.#
#.#.#@#
#.#.#o#
#.#.#.#
#.#.#o#
#.#.#o#
..#.#.. ###


You could see an orc priest and 2 orcs.

Vanquished Creatures
  A black bear (D:4)
  An orc priest (D:4)
  A hound (D:4)
  An iguana (D:5)
  2 worms
  A dart slug (D:1)
  10 orcs
  5 bats
  7 endoplasms
  7 giant cockroaches
  5 goblins
  7 hobgoblins
  2 quokkas
  8 ball pythons
  2 frilled lizards (D:1)
  7 kobolds
  5 rats
72 creatures vanquished.

Vanquished Creatures (others)
  19 foxfires
19 creatures vanquished.

Grand Total: 91 creatures vanquished

Notes
Turn   | Place    | Note
-------+----------+-------------------------------------------
     0 | D:1      | Pimp the Demonspawn Wanderer began the quest for the Orb.
     0 | D:1      | Pimp set off with the following items: a +0 club, a potion
                  | of berserk rage, a +0 robe, a piece from Xom's chessboard
                  | (15/15); and the following spells available to memorise:
                  | Sandblast, Foxfire, Stone Arrow, Dazzling Flash, Sticky
                  | Flame.
     0 | D:1      | Reached XP level 1. HP: 15/15 MP: 2/2
    32 | D:1      | Learned a level 1 spell: Sandblast
   129 | D:1      | Gained mutation: You are partially covered in sharp spines.
                  | [demonic ancestry]
   129 | D:1      | Reached XP level 2. HP: 3/21 MP: 0/3
   723 | D:1      | Gained mutation: You have sharp fingernails. [demonic
                  | ancestry]
   723 | D:1      | Reached XP level 3. HP: 26/26 MP: 2/5
   725 | D:1      | Learned a level 1 spell: Foxfire
   791 | D:1      | Found a faded altar of an unknown god.
  1966 | D:3      | Found a shimmering blue altar of Sif Muna.
  1981 | D:3      | Became a worshipper of Sif Muna the Loreminder
  2003 | D:3      | Gained mutation: You have very sharp fingernails. [demonic
                  | ancestry]
  2003 | D:3      | Reached XP level 4. HP: 33/33 MP: 1/6
  2379 | D:3      | Found Kisiq's Magic Scroll Boutique.
  2452 | D:3      | Found Reywyoj's Weapon Emporium.
  2461 | D:3      | Bought a +0 rapier of venom for 88 gold pieces
  2748 | D:4      | Noticed a black bear
  2760 | D:4      | Killed a black bear
  2761 | D:4      | Reached skill level 1 in Short Blades
  2761 | D:4      | Gained mutation: Spells you cast may paralyse adjacent
                  | enemies. [demonic ancestry]
  2761 | D:4      | Reached XP level 5. HP: 11/38 MP: 6/8
  3031 | D:4      | Reached * piety under Sif Muna
  3139 | D:4      | You fall into a shaft and drop 1 floor!
  3139 | D:5      | Entered Level 5 of the Dungeon
  3152 | D:5      | Gained mutation: You have claws for hands. [demonic
                  | ancestry]
  3152 | D:5      | Reached XP level 6. HP: 46/46 MP: 9/9
  3160 | D:5      | Killed from afar by an orc priest

Illustrated notes

Levels and vault maps discovered:
D:1:      erik_arrival_cave_to_civilisation [erik_arrival_cave_to_hall],
          layout_loops_ring, chequers_ecumenical_altar_lobes
D:2:      layout_loops_ring
D:3:      layout_rooms, mainiacjoe_overflow_tiny_flanked, serial_rivers,
          chequers_serial_rivers_marsh, chequers_serial_rivers_marsh,
          chequers_serial_rivers_marsh, chequers_serial_rivers_micro_e,
          chequers_serial_rivers_micro_b, serial_shops, nicolae_diamond_shop,
          nicolae_shop_bloodbath_and_beyond
D:4:      layout_loops_cross, minmay_temple_entry_gardened_gates,
          minmay_fractal_squares_5
D:5:      layout_basic, nicolae_dithmenos_through_a_glass_darkly,
          grunt_temple_overflow_open, portal_sewer_entry_f, uniq_grinder

Skill      XL: |  1  2  3  4 |
---------------+-------------+-----
Earth Magic    | 2 |  2.8
Fighting       | 2 |  2.5
Short Blades   | 1 |  1.5
Spellcasting   | 2 |  2.4
Conjurations   | |  3.9
Evocations     | |  3.9

Action                     |  1- 3 |  4- 6 || total
---------------------------+-------+-------++-------
  Melee: Club              |    34 |       ||    34
         Short sword       |    50 |     8 ||    58
         Punch             |     1 |     1 ||     2
         Rapier            |       |    30 ||    30
   Cast: Sandblast         |    22 |    14 ||    36
         Foxfire           |     4 |     8 ||    12
    Use: Potion            |     2 |     1 ||     3
         Scroll            |     1 |     6 ||     7
   Stab: Sleeping          |     1 |       ||     1
         Paralysed         |       |     1 ||     1
 Armour: Robe              |    20 |    23 ||    43
  Dodge: Dodged            |    65 |    18 ||    83

Table legend: (Time is in decaauts)
 A = Elapsed time spent in this place.
 B = Non-inter-level travel time spent in this place.
 C = Inter-level travel time spent in this place.
 D = Time resting spent in this place.
 E = Time spent auto-exploring this place.
 F = Levels seen in this place.
 G = Mean time per level.
                   A        B        C        D        E       F      G
               +--------+--------+--------+--------+--------+-----+--------+
         Total |   3209 |   3054 |    155 |    356 |   2086 |   5 |  641.8 |
       Dungeon |   3209 |   3054 |    155 |    356 |   2086 |   5 |  641.8 |
               +--------+--------+--------+--------+--------+-----+--------+

Top non-repeatable levels by time:
     D:1: 1169 daAuts
     D:3: 821 daAuts
     D:2: 699 daAuts
     D:4: 497 daAuts
     D:5: 22 daAuts
